 Dungeon Crawl Stone Soup version 0.28-a0-519-gbfeecf2fc5 (webtiles) character file.

Game seed: 5689196382787040384

1619678 Spaninq the Warrior (level 27, 228/228 (238) HPs)
             Began as a Djinni Ice Elementalist on Sept 22, 2021.
             Was a High Priest of Ashenzari.
             Escaped with the Orb
             ... and 3 runes on Sept 23, 2021!
             The game lasted 06:22:22 (74451 turns).

Spaninq the Warrior (Djinni Ice Elementalist)      Turns: 74451, Time: 06:22:23

HP:   228/228 (238) AC: 49    Str: 14      XL:     27
Gold: 2360          EV: 10    Int: 26      God:    Ashenzari [*****.] SH: 25 Dex: 17 (19)

rFire   + + +      SeeInvis +   s - +8 demon whip (freeze)
rCold   . . .      Faith    .   J - +0 tower shield of Apeoromancy {Self, Fort} (curse)
rNeg    . . .      Spirit   .   y - +8 orange crystal plate armour {Archmagi, Int+3 Clar, Melee, Range} (curse)
rPois   ∞          Reflect  .   W - +2 hat of the Wild Blue Yonder {Will+, Cun, Melee} (curse)
rElec   +          Harm     .   e - +2 cloak "Share My Yoke" {rCorr, Melee, Range} (curse)
rCorr   +          Rampage  .   P - +2 pair of gloves "Sorrow of Ashenzari" {archery, Self, Melee} (curse)
Will    +++..      Archmagi +   (boots unavailable) Stlth ..........Clarity +
                                S - amulet of Vitality {Regen+ HP+15, Range, Fort} (curse)
HPRegen 1.48/turn               U - ring of the Cursed Sage {rElec rPois rC+ Int+2, Fort, Range} (curse)
MPRegen 0.00/turn               d - ring of Ashenzari's Disgust {rF+ Dex+3 Slay+6, Fort, Self} (curse)

@: flying, studying Bows, lightly drained
A: sickness immunity, fire resistance 2, cold vulnerability 1, float, innate
caster, hp casting, extra vitality 1, clever 1, clumsy 1, deterioration 1,
mutation resistance 1, wild magic 1
0: Orb of Zot
}: 3/15 runes: decaying, serpentine, silver
a: Renounce Religion, Curse Item, Shatter the Chains


You escaped.
You worshipped Ashenzari.
Ashenzari was extremely pleased with you.
You visited 10 branches of the dungeon, and saw 50 of its levels.
You also visited: Sewer, Ossuary, Ice Cave and Wizlab.

You collected 8633 gold pieces.
You spent 6273 gold pieces at shops.

Inventory:

Hand Weapons
 a - a +9 fustibalus of freezing
 r - a +10 club of electrocution
 s - a +8 demon whip of freezing (weapon)
Missiles
 g - 1305 stones
 H - 178 sling bullets
Armour
 e - the cursed +2 cloak "Share My Yoke" (worn) {rCorr, Melee, Range}
   (You bought it in a shop on level 4 of the Snake Pit)

   It has a curse which improves the following skills: Melee Combat: Short
   Blades, Long Blades, Axes, Maces & Flails, Polearms, Staves and Unarmed
   Combat.
   Ranged Combat: Slings, Bows, Crossbows and Throwing.
 y - the cursed +8 orange crystal plate armour (worn) {Archmagi, Int+3 Clar, Melee, Range}
   (You acquired it on level 2 of the Crypt)

   Int:       It affects your intelligence (+3).
   Clar:      It protects you against confusion.
   It has a curse which improves the following skills: Melee Combat: Short
   Blades, Long Blades, Axes, Maces & Flails, Polearms, Staves and Unarmed
   Combat.
   Ranged Combat: Slings, Bows, Crossbows and Throwing.
 J - the cursed +0 tower shield of Apeoromancy (worn) {Self, Fort}
   (You found it on level 5 of the Lair of Beasts)

   It has a curse which improves the following skills: Introspection: Fighting
   and Spellcasting.
   Fortitude: Armour and Shields.
 P - the cursed +2 pair of gloves "Sorrow of Ashenzari" (worn) {archery, Self, Melee}
   (You acquired it on level 4 of the Realm of Zot)

   It has a curse which improves the following skills: Introspection: Fighting
   and Spellcasting.
   Melee Combat: Short Blades, Long Blades, Axes, Maces & Flails, Polearms,
   Staves and Unarmed Combat.
 W - the cursed +2 hat of the Wild Blue Yonder (worn) {Will+, Cun, Melee}
   (You acquired it on level 3 of the Crypt)

   It has a curse which improves the following skills: Cunning: Dodging and
   Stealth.
   Melee Combat: Short Blades, Long Blades, Axes, Maces & Flails, Polearms,
   Staves and Unarmed Combat.
Jewellery
 b - a ring of ice
 d - the cursed ring of Ashenzari's Disgust (right hand) {rF+ Dex+3 Slay+6, Fort, Self}
   (You bought it in a shop on level 2 of the Snake Pit)

   [ring of protection from fire]

   Dex:       It affects your dexterity (+3).
   Slay:      It affects your accuracy & damage with ranged weapons and melee
   (+6).
   rF:        It protects you from fire.
   It has a curse which improves the following skills: Fortitude: Armour and
   Shields.
   Introspection: Fighting and Spellcasting.
 v - an amulet of reflection
 I - a ring of resist corrosion
 S - the cursed amulet of Vitality (around neck) {Regen+ HP+15, Range, Fort}
   (You bought it in a shop on level 2 of the Orcish Mines)

   [amulet of regeneration]

   HP:        It affects your health (+15).
   Regen:     It increases your rate of health regeneration.
   It has a curse which improves the following skills: Ranged Combat: Slings,
   Bows, Crossbows and Throwing.
   Fortitude: Armour and Shields.
 U - the cursed ring of the Cursed Sage (left hand) {rElec rPois rC+ Int+2, Fort, Range}
   (You bought it in a shop on level 4 of the Snake Pit)

   [ring of protection from cold]

   Int:       It affects your intelligence (+2).
   rC:        It protects you from cold.
   rElec:     It insulates you from electricity.
   rPois:     It protects you from poison.
   It has a curse which improves the following skills: Fortitude: Armour and
   Shields.
   Ranged Combat: Slings, Bows, Crossbows and Throwing.
 Y - a ring of protection from cold
Wands
 q - a wand of charming (28)
 u - a wand of acid (56)
 D - a wand of polymorph (30)
 K - a wand of paralysis (48)
 L - a wand of mindburst (85)
 M - a wand of flame (112)
 Q - a wand of digging (14)
 V - a wand of iceblast (57)
Scrolls
 c - 26 scrolls of teleportation
 j - 10 scrolls of summoning
 n - 7 scrolls of fear
 o - a scroll of blinking
 t - 11 scrolls of fog
 z - 3 scrolls of magic mapping
 A - 3 scrolls of holy word
 O - 10 scrolls of enchant armour
 R - 2 scrolls of brand weapon
Potions
 h - 8 potions of magic
 i - 3 potions of might
 k - 23 potions of curing
 l - 17 potions of heal wounds
 m - 12 potions of mutation
 w - 3 potions of invisibility
 x - 11 potions of brilliance
 B - 6 potions of ambrosia
 C - 6 potions of haste
 E - 5 potions of berserk rage
 N - 5 potions of resistance
 T - 2 potions of cancellation
Miscellaneous
 f - a phial of floods
 p - a condenser vane
 G - a box of beasts
 X - a phantom mirror


   Skills:
 + Level 20.6(25.7) Fighting
 + Level 19.8(26.2) Maces & Flails
 + Level 17.6(24.1) Slings
 + Level 20.4(26.7) Armour
 + Level 15.1(17.7) Dodging
 - Level 1.5(3.3) Stealth
 + Level 20.3(26.6) Shields
 + Level 10.6(16.1) Spellcasting
 - Level 10.0 Evocations


You couldn't memorise any spells.
You knew the following spells:

 Your Spells              Type           Power      Damage    Failure   Level
a - Freeze                Ice            100%       1d11      1%          1
b - Frozen Ramparts       Ice            100%       1d12      1%          3
c - Ozocubu's Armour      Ice            100%       N/A       1%          3
d - Hailstorm             Conj/Ice       100%       3d20      1%          4
e - Animate Skeleton      Necr           100%       N/A       1%          1
f - Ensorcelled Hibernat  Hex/Ice        100%       N/A       1%          2
g - Conjure Flame         Conj/Fire      100%       6-21      1%          3
h - Ice Form              Ice/Tmut       100%       N/A       1%          4
i - Lightning Bolt        Conj/Air       58%        1d81      4%          5
j - Summon Mana Viper     Hex/Summ       100%       N/A       4%          5
k - Summon Cactus Giant   Summ           58%        N/A       21%         6
l - Malign Gateway        Summ/Tloc      58%        N/A       67%         7
m - Eringya's Noxious Bo  Tmut/Pois      58%        N/A       21%         6
n - Ignition              Fire           58%        3d16      100%        8
o - Ozocubu's Refrigerat  Ice            58%        4d16      67%         7
p - Lehudib's Crystal Sp  Conj/Erth      58%        10d14     100%        8
q - Polar Vortex          Ice            58%        N/A       100%        9
Your spell library was empty.


Dungeon Overview and Level Annotations

Branches:
Dungeon (15/15)            Temple (0/1) D:7            Lair (6/6) D:11
  Swamp (4/4) Lair:4        Snake (4/4) Lair:2        Slime (0/5) Lair:6
    Orc (2/2) D:11            Elf (2/3) Orc:2        Vaults (5/5) D:14
  Crypt (3/3) Vaults:3       Tomb (0/3) Crypt:3      Depths (4/4) D:15
    Zot (5/5) Depths:4      Sewer (visited)         Ossuary (visited)
  IceCv (visited)          WizLab (visited)

Altars:
Ashenzari
Fedhas
Gozag
Hepliaklqana
Kikubaaqudgha
Qazlal
Ru
Sif Muna
Trog
Xom
Beogh
Jiyva

Shops:
D:6 !   D:9 [   D:10 ?   Orc:1 *   Orc:2 ((=?   Elf:2 =[[=   Snake:2 =:=
Snake:3 ?   Snake:4 ?[[*(   Vaults:1 (   Vaults:4 [   Vaults:5 :

Portals:
Hell: Depths:1 Depths:2 Depths:3 Depths:4
Abyss: Depths:2 Depths:3
Pandemonium: Depths:2

Annotations:
D:5 2 transporters, AttackTheMoon's ghost, amateur DrTm
D:8 4 runed translucent doors
Lair:6 1 runed translucent door
Snake:2 2 runed translucent doors, Tamablel's ghost, adept DsBe
Elf:2 3 runed translucent doors, exclusion: door
Depths:2 exclusions: floating eye, 3 sensed monsters (detected), shining eye and 4 more exclusions
Depths:4 2 transporters, exclusions: 2 obsidian statues and orange crystal statue, Ihibuagea's ghost, journeyman DrCj; Lidodu's ghost, adept DDFi
Zot:5 exclusion: obsidian statue


Innate Abilities, Weirdness & Mutations

You are immune to sickness and miasma.
You are immune to poison.
Your flesh is very heat resistant. (rF++)
You are vulnerable to cold. (rC-)
You float through the air rather than walking.
You learn spells naturally, not from books.
Your magical power is your life essence.
You have superior vitality. (+4 HP)
Your mind is acute. (Int +2)
You are clumsy. (Dex -2)
Your body sometimes deteriorates upon taking damage.
You are somewhat resistant to further mutation.
Your spells are a little harder to cast, but a little more powerful.


Message History

There is an open door here.
There is an open door, spattered with blood here.
Items here: )))).
Things that are here:
a +0 ring mail; a +0 mace An Orb Guardian comes into view.
The Orb Guardian moves out of view.
There is a stone staircase leading up here.
You fly upwards.
There is a stone staircase leading down here.
Things that are here:
a +0 robe; a +0 scythe
Things that are here:
a +0 ring mail; a +0 short sword You see here a +0 halberd.
There is a stone staircase leading up here.
You fly upwards.
There is a stone staircase leading down here.
There is a stone staircase leading up here.
You fly upwards.
There is a stone staircase leading down here.
An infernal demonspawn comes into view. It is wielding a +0 halberd.
You block the infernal demonspawn's attack.
You block the infernal demonspawn's attack.
You hit the infernal demonspawn but do no damage.
You closely miss the infernal demonspawn.
You block the infernal demonspawn's attack.
You thrash the infernal demonspawn!! You freeze the infernal demonspawn!
The infernal demonspawn is heavily wounded.
You hit the infernal demonspawn. You freeze the infernal demonspawn.
The infernal demonspawn is severely wounded.
The infernal demonspawn barely misses you.
You whack the infernal demonspawn! You freeze the infernal demonspawn.
The infernal demonspawn is almost dead.
You whack the infernal demonspawn! You freeze the infernal demonspawn.
You kill the infernal demonspawn!
Things that are here:
a +0 halberd; a +0 ring mail; an infernal demonspawn corpse
There is a staircase leading out of the dungeon here.
You have escaped!

#########.#####.....##
###.........# ##....#
##.........# ##.#.#
#.........# #.#.# #.....♣...#
#...# #....8....# #.###
#.........# #.# #.........#
#.# #...@.....# #.#
#.........# #.# ##.#.######
#.# ########## #...### #.#
.........### #.###.## #.#
...:.......# #.##...## #.#
.#######.#.###.#.....######.#
.# #.....................#
#######........#.....######.#


There were no monsters in sight!

Vanquished Creatures
  5 dread liches
  5 ancient liches
  3 orbs of fire (Zot:5)
  A juggernaut (Depths:4)
  Sojobo (Vaults:2)
  Frederick (Crypt:3)
  5 Killer Klowns
  Boris (twice) (Crypt:2 Vaults:5)
  4 curse toes
  9 golden dragons
  A bone dragon (Vaults:3)
  Nikola (Vaults:1)
  A Tzitzimitl (Zot:1)
  2 electric golems
  Jorgrun (D:14)
  Rupert (Snake:1)
  22 tentacled monstrosities
  Mlioglotl (Snake:2)
  3 liches
  A moon troll (WizLab)
  8 titans
  27 Orb Guardians
  10 quicksilver dragons
  Gastronok (Orc:1)
  A thorn hunter (Swamp:4)
  11 tentacled starspawn (WizLab)
  14 death cobs
  4 sphinxes
  13 tengu reavers
  24 storm dragons
  8 shadow dragons
  17 draconian monks
  11 fire giants
  A fenstrider witch (shapeshifter) (Vaults:5)
  2 revenants
  5 frost giants
  14 vault wardens
  7 nagarajas
  8 draconian shifters
  2 ghouls (Swamp:3)
  An iron dragon (Vaults:5)
  A ghost moth (Zot:4)
  Aizul (Snake:2)
  A cacodemon (WizLab)
  6 draconian scorchers
  Louise (Elf:2)
  A balrug (Depths:1)
  2 orc warlords
  4 draconian stormcallers
  4 draconian knights
  2 reapers
  22 very ugly things
  An angel (Zot:1)
  3 draconian annihilators
  5 war gargoyles
  19 ironbound preservers
  17 stone giants
  A spriggan defender (Depths:3)
  2 deep elf demonologists (Vaults:5)
  7 vampire knights
  9 green draconians
  4 deep elf annihilators
  10 yellow draconians
  7 black draconians
  7 dire elephants
  An entropy weaver (shapeshifter) (Vaults:5)
  An entropy weaver (Vaults:3)
  14 red draconians
  6 bunyips
  A spark wasp (Zot:1)
  3 eleionomae
  4 crystal guardians
  11 purple draconians
  13 white draconians
  3 spectral quicksilver dragons (Crypt:3)
  8 eidola
  2 deep elf death magi
  7 ettins
  18 great orbs of eyes
  A blizzard demon (D:4)
  13 yaktaur captains
  16 fire dragons
  33 vault guards
  13 ice dragons
  Josephine (D:10)
  A shambling mangrove (Swamp:4)
  2 deep elf high priests (Vaults:5)
  8 jiangshi
  6 ironbound thunderhulks
  27 hydras
  15 naga warriors
  A caustic shrike simulacrum (IceCv)
  3 salamander tyrants (Snake:4)
  Harold (D:8)
  2 ghost crabs (Swamp:4)
  4 peacekeepers
  4 rakshasas
  A hell beast (Depths:3)
  A kraken zombie (Crypt:1)
  2 boulder beetles
  5 spriggan air magi
  3 anacondas
  4 catoblepae
  9 ironbound frosthearts
  12 centaur warriors
  2 spectral stone giants (Crypt:3)
  A two-headed ogre (shapeshifter) (Vaults:5)
  A death knight (D:14)
  10 dancing weapons
  6 vampire magi
  9 alligators
  8 death yaks
  5 tengu warriors
  6 orc high priests
  5 two-headed ogres
  7 deep troll earth magi
  5 shock serpents
  4 spriggan berserkers
  A spectral spriggan (Crypt:3)
  A titan zombie (Crypt:2)
  13 naga sharpshooters
  A spectral dire elephant (Crypt:3)
  11 deep troll shamans
  4 hell hogs
  7 deep elf knights
  3 spectral storm dragons (Crypt:3)
  3 sun demons
  A titan skeleton (Crypt:1)
  2 soul eaters (Depths:3)
  5 hell knights (Depths:3)
  Nergalle (Orc:1)
  3 shadow wraiths
  2 spectral anacondas (Crypt:3)
  6 iron trolls
  A wretched star (WizLab)
  A sixfirhy (Zot:3)
  A goliath frog (Swamp:1)
  A nameless horror (Elf:1)
  15 skeletal warriors
  51 deep trolls
  6 salamander mystics
  An infernal demonspawn (D:1)
  7 glowing orange brains
  13 flayed ghosts
  3 naga ritualists
  9 swamp dragons (Swamp:4)
  9 deep elf archers
  2 orange crystal statues
  2 shadow demons (Elf:2)
  4 spriggan druids
  7 starcursed masses (WizLab)
  A gelid demonspawn (Depths:3)
  21 ironbound convokers
  9 bog bodies
  A spectral iron dragon (Crypt:3)
  15 lindwurms
  7 mana vipers
  10 wizards
  Pikel (D:6)
  A harpy (shapeshifter) (D:14)
  6 necromancers
  10 orc knights
  21 deep elf pyromancers
  14 deep elf zephyrmancers
  A fire giant zombie (Vaults:1)
  13 phantasmal warriors
  5 harpies (Vaults:2)
  2 oklob plants (Lair:4)
  6 orc sorcerers
  2 sphinx zombies
  A human zombie (Vaults:1)
  2 spectral ettins (Crypt:3)
  21 salamanders
  A shadow dragon skeleton (Crypt:1)
  A shining eye (shapeshifter) (Vaults:1)
  25 moths of wrath
  3 manticores
  5 will-o-the-wisps
  A moth of wrath (shapeshifter) (D:14)
  A dire elephant zombie (Crypt:3)
  A spectral alligator snapping turtle (Crypt:3)
  A wolf spider (shapeshifter) (Vaults:5)
  A faun (shapeshifter) (Vaults:5)
  38 elephants
  48 ugly things
  3 stone giant zombies
  2 rust devils
  6 cyclopes
  A goliath frog skeleton (Crypt:2)
  Maurice (Orc:1)
  2 gargoyles
  A guardian serpent (Snake:4)
  26 black mambas
  21 vault sentinels
  6 eyes of devastation (WizLab)
  A molten gargoyle (Depths:3)
  13 naga magi
  3 smoke demons
  An unseen horror (D:13)
  14 cane toads
  A dire elephant skeleton (Crypt:2)
  A grey draconian zombie (Crypt:3)
  8 torpor snails
  3 kobold demonologists
  A naga skeleton (Crypt:1)
  A yaktaur (shapeshifter) (Vaults:5)
  An anaconda simulacrum (Crypt:3)
  22 freezing wraiths
  6 rime drakes
  5 komodo dragons
  3 tengu conjurers
  A minotaur zombie (Crypt:3)
  2 bunyip simulacra (Crypt:3)
  34 yaktaurs
  4 efreet
  A spectral naga (Crypt:3)
  2 bloated husks
  6 polar bears
  A spriggan skeleton (D:15)
  10 tyrant leeches
  A wind drake (shapeshifter) (Vaults:5)
  A spectral harpy (Crypt:3)
  An iron troll skeleton (Crypt:2)
  A queen bee (D:10)
  2 jumping spiders
  20 hornets
  6 trolls
  2 hornets (shapeshifter)
  52 slime creatures
  Grinder (D:3)
  19 dream sheep
  26 blink frogs
  Sigmund (D:3)
  A spectral black mamba (Crypt:3)
  2 redbacks
  An ettin skeleton (Crypt:2)
  A shadow (Crypt:3)
  10 wraiths
  13 spriggans
  A spriggan simulacrum (Crypt:1)
  3 air elementals
  6 wyverns
  53 yaks
  Eustachio (D:3)
  6 fire elementals
  A black mamba skeleton (Crypt:1)
  6 fire bats (Elf:1)
  A tyrant leech zombie (Crypt:1)
  A yak (shapeshifter) (Elf:1)
  6 basilisks
  4 golden eyes (WizLab)
  A basilisk (shapeshifter) (Depths:2)
  A minotaur simulacrum (Crypt:3)
  A chaos spawn (Depths:2)
  2 neqoxecs (WizLab)
  3 wargs
  5 vampire mosquitoes
  A steam dragon (D:8)
  A warg (shapeshifter) (Vaults:5)
  An iron troll simulacrum (Crypt:2)
  43 nagas
  A deep troll zombie (Crypt:2)
  4 harpy simulacra
  An infernal demonspawn zombie (Crypt:3)
  20 swamp worms
  An acid dragon (D:9)
  3 torturous demonspawn skeletons
  23 water moccasins
  A hell hound (Snake:1)
  A merfolk skeleton (Crypt:2)
  A sky beast (shapeshifter) (Vaults:5)
  10 swamp drakes
  4 ice beasts
  2 black bears (D:5)
  2 dream sheep zombies
  A hornet zombie (Vaults:1)
  37 orc warriors
  2 boggarts (Elf:2)
  A boggart (shapeshifter) (Vaults:5)
  24 wolves
  6 ogres
  A lindwurm skeleton (Crypt:2)
  17 centaurs
  A phantom (D:7)
  Blork the orc (D:4)
  4 lemures (D:6)
  9 bullfrogs
  2 elf zombies (Ossuary)
  A kobold brigand (D:12)
  A draconian zombie (Crypt:3)
  A monstrous demonspawn simulacrum (Crypt:3)
  A salamander skeleton (Crypt:3)
  3 gnoll sergeants
  A palentonga skeleton (Crypt:2)
  A cyclops zombie (Crypt:2)
  A draconian skeleton (Crypt:2)
  An earth elemental (Elf:1)
  A scorpion (D:4)
  A wyvern zombie (D:4)
  A human skeleton (Vaults:1)
  2 water moccasin zombies
  2 water moccasin skeletons
  A yak zombie (Crypt:3)
  13 killer bees
  A raiju zombie (Crypt:1)
  18 wights
  7 electric eels
  2 howler monkeys
  5 centaur zombies
  5 hounds
  A bullfrog skeleton (D:6)
  17 orc priests
  A gnoll shaman (D:5)
  A centaur skeleton (D:6)
  2 iguanas (D:5)
  Ijyb (D:3)
  Terence (D:3)
  Natasha (thrice) (D:4)
  13 orc wizards
  A demigod skeleton (Crypt:2)
  2 hound zombies (Ossuary)
  3 mummies (Ossuary)
  Robin (D:3)
  17 gnolls
  A howler monkey skeleton (Crypt:2)
  2 howler monkey zombies
  10 adders
  A swamp drake skeleton (Crypt:1)
  4 white imps
  7 adder zombies (Ossuary)
  An adder skeleton (D:4)
  3 worms
  A barachi skeleton (Crypt:1)
  4 dart slugs
  61 orcs
  9 endoplasms
  5 giant cockroaches
  3 gnoll zombies (Ossuary)
  14 goblins
  10 hobgoblins
  10 jackals
  7 quokkas
  12 ball pythons
  7 bats
  11 frilled lizards
  A frilled lizard skeleton (Crypt:2)
  3 goblin zombies
  2 hobgoblin zombies (Ossuary)
  3 jackal zombies (Ossuary)
  16 kobolds
  3 kobold zombies (Ossuary)
  3 orc zombies (Ossuary)
  2 quokka zombies (Ossuary)
  5 rats
  4 rat zombies (Ossuary)
  12 starspawn tentacles (WizLab)
  2 tentacles (Crypt:1)
2314 creatures vanquished.

Vanquished Creatures (others)
  A draconian knight (Zot:5)
  An ice dragon (Zot:1)
  An ugly thing (Depths:1)
  A queen bee (shapeshifter) (Elf:2)
  2 bushes (Lair:4)
  A demonic plant (WizLab)
  14 foxfires
  26 fungi
  63 plants
  22 starspawn tentacles (WizLab)
  3 tentacles (Crypt:1)
  11 withered plants (D:15)
146 creatures vanquished.

Grand Total: 2460 creatures vanquished

Notes
Turn   | Place    | Note
-------+----------+-------------------------------------------
     0 | D:1      | Spaninq the Djinni Ice Elementalist began the quest for the
                  | Orb.
     0 | D:1      | Reached XP level 1. HP: 15/15 MP: 0/0
   290 | D:1      | Reached XP level 2. HP: 18/22 MP: 0/0
   415 | D:1      | Reached skill level 1 in Fighting
   803 | D:1      | Reached XP level 3. HP: 25/27 MP: 0/0
   803 | D:1      | Learned a level 1 spell: Animate Skeleton
  1743 | D:2      | Reached XP level 4. HP: 22/33 MP: 0/0
  2367 | D:3      | Reached XP level 5. HP: 38/38 MP: 0/0
  2367 | D:3      | Learned a level 2 spell: Ensorcelled Hibernation
  2398 | D:3      | Identified the +2 helmet of the Eagle {rF++ Slay+3}
  2398 | D:3      | Noticed Robin
  2406 | D:3      | Killed Robin
  2540 | D:3      | Noticed Grinder
  2563 | D:3      | Killed Grinder
  2564 | D:3      | Reached skill level 5 in Spellcasting
  2564 | D:3      | Reached XP level 6. HP: 42/46 MP: 0/0
  2666 | D:3      | Noticed Ijyb
  2676 | D:3      | Killed Ijyb
  2839 | D:3      | Found a faded altar of an unknown god.
  2915 | D:3      | Found a broken altar of Ashenzari.
  2919 | D:3      | Saw a vision of the Swamp and the Snake Pit.
  2919 | D:3      | Noticed a swamp drake
  2919 | D:3      | Noticed a naga ritualist
  2919 | D:3      | Noticed a naga ritualist
  2919 | D:3      | Noticed a naga
  2919 | D:3      | Noticed a salamander
  2919 | D:3      | Noticed a will-o-the-wisp
  2919 | D:3      | Noticed a naga ritualist
  2919 | D:3      | Noticed a naga mage
  2920 | D:3      | Noticed a naga sharpshooter
  2920 | D:3      | Noticed a naga
  2920 | D:3      | Noticed a black mamba
  2920 | D:3      | Noticed a swamp drake
  2921 | D:3      | Noticed a will-o-the-wisp
  2923 | D:3      | Became a worshipper of Ashenzari the Shackled
  2985 | D:3      | Noticed Sigmund
  2997 | D:3      | Killed Sigmund
  2998 | D:3      | Reached skill level 1 in Maces & Flails
  2998 | D:3      | Reached skill level 1 in Armour
  2998 | D:3      | Reached XP level 7. HP: 32/51 MP: 0/0
  2998 | D:3      | Learned a level 3 spell: Conjure Flame
  3115 | D:3      | Noticed Terence
  3126 | D:3      | Killed Terence
  3473 | D:4      | Noticed Eustachio
  3847 | D:3      | Killed Eustachio
  3848 | D:3      | Reached XP level 8. HP: 43/58 MP: 0/0
  3882 | D:4      | Identified the +2 helmet of Veibyots {Dex+2}
  4203 | D:4      | Noticed Natasha
  4217 | D:4      | Noticed Blork the orc
  4222 | D:4      | Killed Blork the orc
  4804 | D:4      | Killed Natasha
  4895 | D:4      | Noticed Natasha
  4899 | D:4      | Killed Natasha
  5079 | D:4      | Noticed Natasha
  5083 | D:4      | Killed Natasha
  5252 | D:5      | Entered Level 5 of the Dungeon
  5252 | D:5      | Found a transporter.
  5253 | D:5      | Noticed AttackTheMoon's ghost (amateur DrTm)
  5296 | D:5      | Found a transporter.
  5331 | D:5      | Reached skill level 5 in Fighting
  5431 | D:5      | Reached XP level 9. HP: 57/66 MP: 0/0
  5431 | D:5      | Learned a level 4 spell: Ice Form
  5486 | D:5      | Reached skill level 5 in Maces & Flails
  5558 | D:5      | Identified the +9 plate armour "Pobropunuck" {Harm}
  5597 | D:5      | Identified the +1 pair of boots of the Dwarven Hall {Dex+3}
  5621 | D:5      | Identified the +11 dagger of Conflict {freeze, *Slow Fly
                  | rPois rC+ rN+}
  5899 | D:6      | Found Zoiplaerr's Distillery.
  5942 | D:6      | Found a glowing drain.
  5971 | Sewer    | Entered a sewer
  6034 | Sewer    | Reached * piety under Ashenzari
  6535 | D:6      | Identified the +0 cloak of Bellicose the Good {+Inv rF+
                  | rC-}
  6651 | D:6      | Noticed Pikel
  6656 | D:6      | Killed Pikel
  6657 | D:6      | Reached skill level 5 in Armour
  6661 | D:6      | Reached XP level 10. HP: 59/75 MP: 0/0
  6827 | D:6      | Found a shimmering altar of Xom.
  6932 | D:6      | Found an opulent altar of Gozag.
  6934 | D:6      | Found a stormy altar of Qazlal.
  7147 | D:7      | Found a staircase to the Ecumenical Temple.
  7290 | D:7      | Found a sand-covered staircase.
  7297 | Ossuary  | Entered an ossuary
  8439 | D:8      | Reached ** piety under Ashenzari
  8453 | D:8      | Found a sacrificial altar of Ru.
  8557 | D:8      | Noticed Harold
  8576 | D:8      | Killed Harold
  8676 | D:8      | Found a large runed translucent door.
  8676 | D:8      | Found a large runed translucent door.
  8693 | D:8      | Noticed a cyclops
  8697 | D:8      | Reached XP level 11. HP: 82/86 MP: 0/0
  8697 | D:8      | Learned a level 5 spell: Lightning Bolt
  8700 | D:8      | Killed a cyclops
  8701 | D:8      | Identified the Catalogue of the Hurtful Blaze
  8749 | D:8      | Noticed a red ugly thing
  8757 | D:8      | Found a large runed translucent door.
  8757 | D:8      | Found a large runed translucent door.
  8778 | D:8      | Noticed a two-headed ogre
  8797 | D:8      | Killed a two-headed ogre
  9253 | D:8      | Reached *** piety under Ashenzari
  9839 | D:9      | Reached skill level 1 in Slings
 10365 | D:9      | Found Curir's Armour Shoppe.
 10370 | D:9      | Bought a +0 cloak for 76 gold pieces
 10520 | D:10     | Entered Level 10 of the Dungeon
 10761 | D:10     | Found Suugrepe's Magic Scroll Emporium.
 11361 | D:10     | Noticed Josephine
 11391 | D:10     | Killed Josephine
 11520 | D:11     | Reached XP level 12. HP: 95/95 MP: 0/0
 11565 | D:11     | Reached skill level 10 in Maces & Flails
 11606 | D:11     | Found a staircase to the Lair.
 11772 | D:11     | Noticed a two-headed ogre
 11782 | D:11     | Killed a two-headed ogre
 11940 | D:11     | Noticed a six-headed hydra
 11951 | D:11     | Killed a six-headed hydra
 12065 | D:11     | Found a staircase to the Orcish Mines.
 12336 | Lair:1   | Entered Level 1 of the Lair of Beasts
 12694 | Lair:1   | Reached skill level 10 in Fighting
 12800 | Lair:1   | Reached XP level 13. HP: 99/103 MP: 0/0
 12800 | Lair:1   | Learned a level 5 spell: Summon Mana Viper
 13581 | Lair:2   | Found the +7 Singing Sword {vorpal, sonic wave}
 13648 | Lair:2   | Reached skill level 5 in Slings
 13661 | Lair:2   | Reached skill level 10 in Armour
 14025 | Lair:2   | Found a staircase to the Snake Pit.
 14951 | Lair:3   | Identified the Papyrus of the Tired Nights
 15902 | Lair:4   | Reached XP level 14. HP: 104/114 MP: 0/0
 16250 | Lair:4   | Found a staircase to the Swamp.
 16325 | Lair:4   | Found a blossoming altar of Fedhas.
 17051 | Lair:5   | Reached **** piety under Ashenzari
 17220 | Lair:4   | Reached skill level 1 in Shields
 17547 | Lair:5   | Reached XP level 15. HP: 126/126 MP: 0/0
 17547 | Lair:5   | Learned a level 6 spell: Summon Cactus Giant
 17586 | Lair:5   | Identified the Guide on Conjuration
 17829 | Lair:6   | Entered Level 6 of the Lair of Beasts
 18051 | Lair:6   | Found a staircase to the Slime Pits.
 18051 | Lair:6   | Found a viscous altar of Jiyva.
 18468 | Lair:6   | Reached skill level 10 in Slings
 19207 | Lair:6   | Found a runed translucent door.
 19469 | Lair:6   | Reached skill level 5 in Shields
 19469 | Lair:6   | Reached XP level 16. HP: 135/135 MP: 0/0
 19547 | Lair:6   | Gained mutation: You do not regenerate when monsters are
                  | visible. [potion of mutation]
 19547 | Lair:6   | Gained mutation: Your mind is acute. (Int +2) [potion of
                  | mutation]
 19547 | Lair:6   | Gained mutation: Your muscles are strong. (Str +2) [potion
                  | of mutation]
 19548 | Lair:6   | Lost mutation: Your mind is acute. (Int +2) [potion of
                  | mutation]
 19548 | Lair:6   | Lost mutation: Your muscles are strong. (Str +2) [potion of
                  | mutation]
 19548 | Lair:6   | Gained mutation: You expend health (3 HP) to strengthen
                  | your wands. [potion of mutation]
 19548 | Lair:6   | Gained mutation: You passively map a small area around you.
                  | [potion of mutation]
 19549 | Lair:6   | Lost mutation: You expend health (3 HP) to strengthen your
                  | wands. [potion of mutation]
 19549 | Lair:6   | Lost mutation: You do not regenerate when monsters are
                  | visible. [potion of mutation]
 19549 | Lair:6   | Lost mutation: You passively map a small area around you.
                  | [potion of mutation]
 19549 | Lair:6   | Gained mutation: Your flesh is almost immune to the effects
                  | of heat. (rF+++) [potion of mutation]
 19759 | Orc:1    | Entered Level 1 of the Orcish Mines
 19841 | Orc:1    | Noticed Maurice
 19849 | Orc:1    | Killed Maurice
 19940 | Orc:1    | Noticed Nergalle
 19960 | Orc:1    | Killed Nergalle
 21316 | Orc:1    | Found Ziunnud's Assorted Antiques.
 21389 | Orc:1    | Noticed Gastronok
 21399 | Orc:1    | Killed Gastronok
 21455 | Orc:2    | Entered Level 2 of the Orcish Mines
 21674 | Orc:2    | Found a staircase to the Elven Halls.
 22222 | Orc:2    | Paralysed by an orc sorcerer for 5 turns
 22273 | Orc:2    | Paralysed by an orc sorcerer for 3 turns
 22478 | Orc:2    | Found Dicsaehitu's Magic Scroll Shop.
 22478 | Orc:2    | Found Dugusappy's Weapon Shop.
 22480 | Orc:2    | Found Raror's Jewellery Shoppe.
 22480 | Orc:2    | Found Luahoaw's Antique Weapon Shoppe.
 22510 | Orc:2    | Bought a +4 ring of slaying for 936 gold pieces
 22510 | Orc:2    | Bought the amulet of Vitality {Regen+ HP+15} for 948 gold
                  | pieces
 22510 | Orc:2    | Found the amulet of Vitality {Regen+ HP+15}
 22516 | Orc:2    | Reached ***** piety under Ashenzari
 23613 | D:13     | Found the amulet of the Air {Inacc Air Fly rElec RMsl}
 24426 | D:14     | Reached XP level 17. HP: 144/144 MP: 0/0
 24426 | D:14     | Learned a level 7 spell: Malign Gateway
 24455 | D:14     | Noticed Jorgrun
 24597 | D:14     | Killed Jorgrun
 24834 | D:14     | Found a gate to the Vaults.
 25036 | D:14     | Found a broken altar of Ashenzari.
 25409 | D:15     | Entered Level 15 of the Dungeon
 25669 | D:15     | Found a staircase to the Depths.
 26739 | Snake:1  | Entered Level 1 of the Snake Pit
 26778 | Snake:1  | Noticed Rupert
 26789 | Snake:1  | Killed Rupert
 26859 | Snake:1  | Found a frozen archway.
 26911 | IceCv    | Entered an ice cave
 27433 | Snake:1  | Reached XP level 18. HP: 153/153 MP: 0/0
 27589 | Snake:2  | Reached skill level 10 in Shields
 27741 | Snake:2  | Noticed Tamablel's ghost (adept DsBe)
 27802 | Snake:2  | Noticed Mlioglotl
 27815 | Snake:2  | Killed Mlioglotl
 27977 | Snake:2  | Found a large runed translucent door.
 27977 | Snake:2  | Found a large runed translucent door.
 27978 | Snake:2  | Found the +5 robe of Night {Dark Will+ SInv}
 27980 | Snake:2  | Identified the Almanac of Toxins and Black Secrets
 28087 | Snake:2  | Noticed Aizul
 28106 | Snake:2  | Killed Aizul
 28318 | Snake:2  | Found Uwunwa's Jewellery Shop.
 28319 | Snake:2  | Found Nex Qino's Book Shoppe.
 28321 | Snake:2  | Found Zeunk's Jewellery Shop.
 28330 | Snake:2  | Bought the ring of the Frog {rF+ Dex+3 Slay+6} for 1016
                  | gold pieces
 29096 | Snake:3  | Found Teopn's Magic Scroll Emporium.
 29493 | Snake:4  | Entered Level 4 of the Snake Pit
 29597 | Snake:4  | Found Mawoc's Magic Scroll Shoppe.
 29600 | Snake:4  | Found Xacugediu's Antique Armour Boutique.
 29638 | Snake:4  | Found Joskoir's Assorted Antiques.
 29650 | Snake:4  | Bought a scorched golden ring for 190 gold pieces
 29650 | Snake:4  | Identified the ring of Spite {rElec rPois rC+ Int+2} (You
                  | bought it in a shop on level 4 of the Snake Pit)
 29727 | Snake:4  | Found Ged Weang's Antique Armour Shop.
 29755 | Snake:4  | Found Ziykobil's Weapon Shoppe.
 29843 | Snake:4  | Reached skill level 15 in Fighting
 29895 | Snake:4  | Identified the +1 ring mail of Eguwolus {SInv}
 30546 | Snake:4  | Found a hazy altar of Hepliaklqana.
 30740 | Snake:4  | Reached XP level 19. HP: 162/162 MP: 0/0
 30740 | Snake:4  | Learned a level 6 spell: Eringya's Noxious Bog
 31191 | Snake:4  | Got a serpentine rune of Zot
 31531 | Swamp:1  | Entered Level 1 of the Swamp
 31565 | Swamp:1  | Reached skill level 15 in Armour
 32176 | Swamp:1  | Reached skill level 1 in Evocations
 32334 | Swamp:2  | Identified the +4 fustibalus of Cuxt {speed, Drain rC+
                  | Dex+4}
 33213 | Swamp:3  | Identified the Tome of Ice
 33585 | Swamp:4  | Entered Level 4 of the Swamp
 33974 | Swamp:4  | Reached XP level 20. HP: 171/171 MP: 0/0
 34315 | Swamp:4  | Got a decaying rune of Zot
 34807 | Vaults:1 | Entered Level 1 of the Vaults
 35686 | Vaults:1 | Found Mepuacso's Antique Weapon Shop.
 36459 | Vaults:1 | Noticed Nikola
 36464 | Vaults:1 | Killed Nikola
 36569 | Vaults:2 | Found a magical portal.
 36575 | WizLab   | Entered Lehudib's Moon Base
 36642 | WizLab   | Reached skill level 5 in Evocations
 36960 | WizLab   | Reached XP level 21. HP: 175/175 MP: 0/0
 36960 | WizLab   | Learned a level 8 spell: Ignition
 37156 | WizLab   | Gained mutation: You are weak. (Str -2) [a cacodemon]
 37168 | WizLab   | Gained mutation: Your spells are a little easier to cast,
                  | but a little less powerful. [a cacodemon]
 37291 | WizLab   | Found a transporter.
 37500 | WizLab   | Paralysed by a great orb of eyes for 7 turns
 37517 | WizLab   | Found a transporter.
 37517 | WizLab   | Identified the Almanac of Conjuration
 37518 | WizLab   | Identified the +2 shortbow of the Immovable Artists {flame,
                  | rF+++ Str-4 Int-5 Stlth+}
 37646 | WizLab   | Reached skill level 15 in Maces & Flails
 38160 | Vaults:2 | Lost mutation: Your spells are a little easier to cast, but
                  | a little less powerful. [potion of mutation]
 38160 | Vaults:2 | Lost mutation: You are weak. (Str -2) [potion of mutation]
 38160 | Vaults:2 | Gained mutation: You tend to lose your temper in combat.
                  | [potion of mutation]
 38160 | Vaults:2 | Gained mutation: Your spells are a little harder to cast,
                  | but a little more powerful. [potion of mutation]
 38160 | Vaults:2 | Gained mutation: You have a pair of small antennae on your
                  | head. [potion of mutation]
 38162 | Vaults:2 | Lost mutation: Your flesh is almost immune to the effects
                  | of heat. (rF+++) [potion of mutation]
 38162 | Vaults:2 | Lost mutation: You tend to lose your temper in combat.
                  | [potion of mutation]
 38162 | Vaults:2 | Lost mutation: You have a pair of small antennae on your
                  | head. [potion of mutation]
 38162 | Vaults:2 | Gained mutation: Your mind is acute. (Int +2) [potion of
                  | mutation]
 38162 | Vaults:2 | Gained mutation: You are somewhat resistant to further
                  | mutation. [potion of mutation]
 38893 | Vaults:2 | Reached skill level 15 in Shields
 39099 | Vaults:2 | Identified the +9 falchion "Faprifod" {elec, rC+}
 39456 | Vaults:2 | Noticed Sojobo
 39652 | Vaults:2 | Paralysed by an air elemental for 1 turns
 39656 | Vaults:2 | Paralysed by an air elemental for 1 turns
 39661 | Vaults:2 | Paralysed by an air elemental for 1 turns
 39682 | Vaults:2 | Killed Sojobo
 40212 | Vaults:3 | Reached skill level 5 in Dodging
 40678 | Snake:2  | Bought a manual of Maces & Flails for 880 gold pieces
 41164 | Vaults:3 | Reached XP level 22. HP: 178/178 MP: 0/0
 42235 | Vaults:3 | Found a staircase to the Crypt.
 44627 | Vaults:4 | Found Gydwoq's Armour Boutique.
 44837 | Depths:1 | Entered Level 1 of the Depths
 44896 | Depths:1 | Found a bloodstained altar of Trog.
 44960 | Depths:1 | Reached XP level 23. HP: 191/191 MP: 0/0
 44960 | Depths:1 | Learned a level 7 spell: Ozocubu's Refrigeration
 45247 | Depths:1 | Identified the +4 demon blade of Fixation {flame, Fly}
 45248 | Depths:1 | Found a gateway to Hell.
 45327 | Depths:1 | Identified the +0 scale mail of Fetwod {-Cast rF++ Regen+
                  | Stlth+}
 46107 | Depths:2 | Found a one-way gate to the infinite horrors of the Abyss.
 46638 | Depths:2 | Found a one-way gate leading to the halls of Pandemonium.
 47422 | Crypt:1  | Entered Level 1 of the Crypt
 47942 | Crypt:1  | Identified a scroll of acquirement
 48269 | Crypt:2  | Acquired the +8 orange crystal plate armour {Archmagi,
                  | Int+3 Clar}
 48269 | Crypt:2  | Found the +8 orange crystal plate armour {Archmagi, Int+3
                  | Clar}
 48387 | Crypt:2  | Noticed Boris
 48435 | Crypt:2  | Killed Boris
 48595 | Crypt:2  | Reached skill level 15 in Slings
 49237 | Crypt:3  | Entered Level 3 of the Crypt
 49302 | Crypt:3  | Found a staircase to the Tomb.
 49348 | Crypt:3  | Acquired a +2 hat of willpower
 49511 | Crypt:3  | Noticed Frederick
 49536 | Crypt:3  | Killed Frederick
 49537 | Crypt:3  | Reached XP level 24. HP: 170/199 MP: 0/0
 51908 | Depths:3 | Paralysed by a vampire knight for 5 turns
 52089 | Depths:3 | Identified the +4 rapier of Hell's Wrath {vorpal, Int+3}
 52162 | Depths:3 | Found an opulent altar of Gozag.
 52821 | Snake:3  | Bought a scroll of teleportation for 36 gold pieces
 52821 | Snake:3  | Bought a scroll of enchant weapon for 90 gold pieces
 52821 | Snake:3  | Bought a scroll of teleportation for 36 gold pieces
 52821 | Snake:3  | Bought a scroll of teleportation for 36 gold pieces
 53255 | Vaults:5 | Entered Level 5 of the Vaults
 53289 | Vaults:5 | Identified the +11 hand axe "Pargheqe" {venom, rCorr Str+2
                  | SInv}
 53373 | Vaults:5 | Noticed a dread lich
 53457 | Vaults:5 | Paralysed by a dread lich for 5 turns
 53473 | Vaults:5 | Killed a dread lich
 53520 | Vaults:5 | Noticed a dread lich
 53551 | Vaults:5 | Paralysed by a dread lich for 2 turns
 53561 | Vaults:5 | Killed a dread lich
 53651 | Vaults:5 | Identified the +7 falchion of the Foot {speed, Dex+4}
 53664 | Vaults:5 | Identified the +6 battleaxe of Etucry {protect, *Rage rElec
                  | rC+ Str-3 Int+5}
 53729 | Vaults:5 | Reached skill level 10 in Dodging
 53853 | Vaults:5 | Identified the +1 helmet of Insurance {Fly}
 53872 | Vaults:5 | Reached XP level 25. HP: 206/206 MP: 0/0
 53872 | Vaults:5 | Learned a level 8 spell: Lehudib's Crystal Spear
 53945 | Vaults:5 | Identified the +10 dagger of Edineukh {drain, *Noise
                  | Fragile rPois rF+++}
 53993 | Vaults:5 | Noticed Boris
 54154 | Vaults:5 | Found Oneatu's Book Shoppe.
 54348 | Vaults:5 | Killed Boris
 54741 | Vaults:5 | Identified the +9 hand crossbow "Imp's Foe" {penet, rPois
                  | rF- Int+4 Dex-4}
 54948 | Vaults:5 | Noticed a dread lich
 55154 | Vaults:5 | Got a silver rune of Zot
 56664 | Depths:3 | Reached XP level 26. HP: 179/215 MP: 0/0
 57350 | Depths:4 | Entered Level 4 of the Depths
 57425 | Depths:4 | Noticed Ihibuagea's ghost (journeyman DrCj)
 57426 | Depths:4 | Noticed Lidodu's ghost (adept DDFi)
 57427 | Depths:4 | Found a transporter.
 57453 | Depths:4 | Found a transporter.
 58216 | Depths:4 | Found a gate to the Realm of Zot.
 58442 | Zot:1    | Entered Level 1 of the Realm of Zot
 59458 | Zot:1    | Noticed an ancient lich
 59854 | Zot:1    | Killed an ancient lich
 59867 | Zot:1    | Found a stormy altar of Qazlal.
 59915 | Zot:2    | Upgraded the game from 0.28-a0-514-g0d7ab7f379 to
                  | 0.28-a0-519-gbfeecf2fc5
 60400 | Snake:4  | Bought an embroidered cloak for 187 gold pieces
 60400 | Snake:4  | Bought a runed cloak for 187 gold pieces
 60418 | Snake:4  | Bought a runed cloak for 232 gold pieces
 60655 | Elf:1    | Entered Level 1 of the Elven Halls
 60752 | Elf:1    | Reached XP level 27. HP: 220/220 MP: 0/0
 60752 | Elf:1    | Learned a level 9 spell: Polar Vortex
 60927 | Elf:1    | Found the +7 great mace "Firestarter" {inner flame, rF++}
 61200 | Elf:1    | Paralysed by an air elemental for 1 turns
 61209 | Elf:1    | Paralysed by an air elemental for 1 turns
 61268 | Elf:1    | Identified the +0 robe of the Midnight Sun {Harm Rampage
                  | rElec Str-3}
 61616 | Elf:2    | Noticed Louise
 61681 | Elf:2    | Found Emiwefe's Armour Boutique.
 61709 | Elf:2    | Found Huxka's Jewellery Emporium.
 61757 | Elf:2    | Found Jutziur's Antique Armour Shoppe.
 61773 | Elf:2    | Bought a pair of bloodstained gloves for 275 gold pieces
 61773 | Elf:2    | Identified the +0 pair of gloves of Yrosutie {rElec Str-3
                  | Stlth+} (You bought it in a shop on level 2 of the Elven
                  | Halls)
 61776 | Elf:2    | Bought a runed helmet for 217 gold pieces
 61922 | Elf:2    | Identified the Collected Works on Dusty Ice
 62032 | Elf:2    | Found a runed translucent gate.
 62032 | Elf:2    | Found a runed translucent gate.
 62037 | Elf:2    | Found a runed translucent gate.
 62123 | Elf:2    | Found Woentot's Jewellery Shop.
 62136 | Elf:2    | Killed Louise
 65445 | Zot:3    | Identified the +0 ring mail of Ufemas {rCorr Stlth+}
 66906 | Zot:4    | Acquired a +1 pair of gloves of archery
 67615 | Zot:4    | Reached skill level 10 in Evocations
 68462 | Zot:5    | Entered Level 5 of the Realm of Zot
 68462 | Zot:5    | Identified the ring of Uratuc {Fire Will+ rCorr}
 69016 | D:6      | Bought a potion of haste for 130 gold pieces
 69016 | D:6      | Bought a potion of invisibility for 104 gold pieces
 69016 | D:6      | Bought a potion of curing for 39 gold pieces
 69016 | D:6      | Bought a potion of cancellation for 104 gold pieces
 69016 | D:6      | Bought a potion of haste for 130 gold pieces
 69016 | D:6      | Bought a potion of curing for 39 gold pieces
 69016 | D:6      | Bought a potion of curing for 39 gold pieces
 69016 | D:6      | Bought a potion of curing for 39 gold pieces
 69149 | D:10     | Bought a scroll of teleportation for 33 gold pieces
 69149 | D:10     | Bought a scroll of teleportation for 33 gold pieces
 69149 | D:10     | Bought a scroll of teleportation for 33 gold pieces
 69149 | D:10     | Bought a scroll of holy word for 82 gold pieces
 69291 | Orc:1    | Bought a scroll labelled LOKYSI XODUOM for 24 gold pieces
 69534 | Snake:4  | Bought a scroll of teleportation for 51 gold pieces
 69534 | Snake:4  | Bought a scroll of teleportation for 51 gold pieces
 70619 | Zot:5    | Reached skill level 10 in Spellcasting
 72014 | Zot:5    | Noticed an orb of fire
 72025 | Zot:5    | Noticed an orb of fire
 72030 | Zot:5    | Noticed an orb of fire
 72050 | Zot:5    | Noticed a dread lich
 72061 | Zot:5    | Killed an orb of fire
 72077 | Zot:5    | Killed an orb of fire
 72087 | Zot:5    | Killed a dread lich
 72089 | Zot:5    | Gained mutation: Your body sometimes deteriorates upon
                  | taking damage. [an orb of fire]
 72105 | Zot:5    | Killed an orb of fire
 72146 | Zot:5    | Noticed a dread lich
 72149 | Zot:5    | Noticed an ancient lich
 72163 | Zot:5    | Killed an ancient lich
 72705 | Zot:5    | Gained mutation: You are clumsy. (Dex -2) [mutagenic glow]
 72830 | Zot:5    | Noticed an ancient lich
 72861 | Zot:5    | Killed an ancient lich
 72893 | Zot:5    | Noticed an ancient lich
 72896 | Zot:5    | Noticed a dread lich
 72931 | Zot:5    | Killed an ancient lich
 72985 | Zot:5    | Noticed an ancient lich
 73011 | Zot:5    | Killed a dread lich
 73109 | Zot:5    | Killed an ancient lich
 73300 | Zot:5    | Paralysed by a dread lich for 5 turns
 73316 | Zot:5    | Killed a dread lich
 73317 | Zot:5    | Reached skill level 15 in Dodging
 73421 | Zot:5    | Got the Orb of Zot
 74451 | D:$      | Escaped with the Orb!

Illustrated notes

Levels and vault maps discovered:
D:1:      wander_arrival_lonely_grave, layout_loops_ring
D:2:      layout_loops_corners, minmay_octomino_e4
D:3:      layout_rooms, grunt_ashenzari_visionary
          [grunt_ashenzari_visionary_swamp, grunt_ashenzari_visionary_snake],
          hellmonk_ecumenical_altar_defaced_shrine, kennysheep_generic_room_7,
          uniq_grinder, uniq_ijyb, uniq_robin, uniq_terence, uniq_sigmund
D:4:      layout_basic, minmay_fractal_squares_gapless_5, uniq_blork_the_orc,
          uniq_eustachio, uniq_natasha
D:5:      layout_rooms, gammafunk_ghost_stat_death, guppyfry_early_lair_pool
D:6:      layout_rooms, mainiacjoe_overflow_surrounded_room,
          chequers_temple_overflow_statue_of_worship, portal_sewer_entry_f,
          serial_shops, shop_coins, uniq_pikel
D:7:      layout_basic, minmay_temple_entry_ruins, chequers_ossuary_entry_cave,
          lightli_minifort
D:8:      layout_cave_pods, lemuel_coloured_pillars_altar, hangedman_ru_absence,
          serial_bayou, serial_bayou_crossing, serial_bayou_shore_b,
          serial_bayou_pond_d, serial_bayou_ford_a,
          chequers_serial_rivers_small_a, minmay_hollow_rounded_squares,
          uniq_harold
D:9:      layout_roguey, serial_shops, kennysheep_little_box
D:10:     layout_loops_corners, serial_shops, nicolae_square_shop,
          nicolae_looking_at_the_future, uniq_josephine
D:11:     layout_cave_pods, david_lair_shrubbed, david_orc_3, kennysheep_dice
D:12:     dragon1_lemuel, layout_loops_ring
D:13:     layout_basic, serial_glass, glass_columns_c, glass_columns_b,
          feat_on_display, minmay_strange_pillars, item_on_display_a,
          due_unseen_surprise, water_boxes_lemuel
D:14:     layout_loops_ring, skrybe_vaults_entry_preservation,
          nicolae_ashenzari_skybound, uniq_jorgrun
D:15:     gammafunk_depths_entry_grave, layout_irregular_city, minivault_27
Lair:1:   layout_cave_pods, infiniplex_staircase_pool_2
Lair:2:   layout_gridlike, guppyfry_snake_entry_island
Lair:3:   layout_cave_pods, chequers_serial_rivers_small_3
Lair:4:   layout_concentric_octagons, skrybe_swamp_entry_bodies,
          hangedman_tree_tricks
Lair:5:   nzn_winding_woodlands_stair_cross [nzn_winding_woodlands_5x15_twine,
          nzn_winding_woodlands_center_pierced_h,
          nzn_winding_woodlands_5x15_jagged, nzn_winding_woodlands_hourglass,
          nzn_winding_woodlands_5x5_open_star,
          nzn_winding_woodlands_5x15_crooked,
          nzn_winding_woodlands_center_garden,
          nzn_winding_woodlands_5x15_split_checker], layout_hall_layers
Lair:6:   hangedman_lair_in_review, layout_loops_ring, wormcave, slime_altar_1,
          patterned_corridor
Swamp:1:  layout_basic_swamp, evilmike_swamp_ruin_rubble_2, swamp_pool3,
          worms_lemuel, infiniplex_staircase_pool
Swamp:2:  layout_falls_marsh, hangedman_swamp_ruin_wall, swamp_pool1
Swamp:3:  layout_basic_swamp, nicolae_swamp_little_swirl
Swamp:4:  swamp_alternative, layout_basic_swamp
Snake:1:  layout_rooms, portal_ice_cave_entry_frozen_things,
          beargit_elvish_explorers, uniq_rupert
Snake:2:  layout_chambers, ebering_ghost_disaster_area, minmay_shop_grove,
          uniq_aizul, uniq_mlioglotl
Snake:3:  layout_grid_maze, serial_shops, shop
Snake:4:  minmay_snake_end_coiled, layout_layer_cave, basic_altar, serial_shops,
          shop, nicolae_shop_trees, shop, shop,
          nicolae_shop_competitors_out_of_business,
          nicolae_snake_salamander_fort
Orc:1:    layout_caves, serial_shops, shop, minmay_orc_treasury, uniq_nergalle,
          uniq_gastronok, uniq_maurice
Orc:2:    st_orc_elflike, layout_diamond_mine, nicolae_orc_stony_grotto
Elf:1:    minmay_firetagon, layout_gridlike, evilmike_minifort
Elf:2:    elven_hall_of_blades_hangedman_original [grunt_blade_entry_basic],
          layout_geoelf_diagonals, serial_shops, nicolae_shop_statue_plus, shop,
          nicolae_stop_n_shop_2, shop, hangedman_summoners_spam, uniq_louise
Vaults:1: hangedman_vaults_trim, vaults_room_ringed_pool, vaults_dpeg_cross,
          v_rooms_5, ontoclasm_vaults_ring_square,
          nicolae_vaults_twisting_passages, v_misc_3, v_misc_26,
          nicolae_vaults_murderbox, nicolae_vaults_sealed_display,
          vaults_dpeg_encased_lava, layout_vaults_omnigrid, serial_shops,
          nicolae_shop_window_shopping, serial_glass, uniq_nikola
Vaults:2: hangedman_vaults_nails, hangedman_vaults_corner_blocks,
          ontoclasm_vaults_ligature, nicolae_vaults_network_quinsquares
          [nicolae_vaults_network_quincunx_subvault,
          nicolae_vaults_network_quincunx_subvault,
          nicolae_vaults_network_quincunx_subvault,
          nicolae_vaults_network_quincunx_subvault],
          nicolae_vaults_hallways_thing, nicolae_vaults_diagonal_hallway_6,
          hangedman_vaults_corner_blocks, nicolae_vaults_what_the_h,
          vaults_room_stairs_pillars, ontoclasm_vaults_decontamination,
          layout_vaults_chaotic_city, mu_enter_wizlab_1, uniq_sojobo
Vaults:3: nicolae_vaults_c_with_doors, grunt_vaults_bifocal,
          vaults_room_door_ring, hangedman_vaults_slice,
          minmay_crypt_entry_nasty_monster, v_misc_19, ontoclasm_vaults_idyll,
          vaults_room_door_hall, grunt_vaults_funnel, nicolae_vaults_asterisk,
          vaults_room_pool, layout_vaults_omnibox
Vaults:4: serial_ice_m, v_misc_4, vaults_room_boxed, vaults_room_pools,
          hangedman_vaults_variations, vaults_room_fours, grunt_vaults_twisty,
          dpeg_vaults_monster_box, hangedman_vaults_stretched_pinwheel,
          nicolae_vaults_little_squares_4, layout_vaults_ring
Vaults:5
Crypt:1:  layout_gridlike, fountainhead
Crypt:2:  layout_misc_corridors, minivault_11, skrybe_necro_troll_1, uniq_boris
Crypt:3:  due_elkab, layout_chaotic_city, uniq_frederick
Depths:1: layout_forbidden_donut, hellmouth_1, serial_co_window_serial,
          co_window_paths_b, co_window_corner_a, co_window_of_opportunity_a,
          co_window_cross_1, co_window_paths_a, co_window_of_opportunity_c,
          co_window_corner_b, co_window_of_opportunity_b, co_window_4corner_b,
          glass_columns_a, glass_columns_c, glass_columns_a, glass_columns_b,
          dk_noncrumbling_2, statue_in_the_mist_lemuel, bloody_trog
Depths:2: hangedman_cross_stitches, layout_basic, enter_ziggurat_d, abyss_entry,
          hell_entry, rand_demon_pan_entry_9
Depths:3: minmay_slanted_spiral_squares, layout_honeycomb, abyss_entry,
          nicolae_gozag_cash_rules_everything_around_me, hellmouth_3,
          grunt_ministairs_8, infiniplex_staircase_river
Depths:4: evilmike_zot_entry_hall, layout_cave_shapes, nzn_ghost_randoct,
          hell_entry, grunt_decor_arrowhead
Zot:1:    regret_index_qazlal_generations, layout_onion
Zot:2:    layout_onion
Zot:3:    grunt_zot_stairs_faceoff, layout_gridville, zot_minivault_1
Zot:4:    layout_misc_corridors, grunt_ministairs_6, st_stairs_6,
          zot_minivault_7, grunt_megastairs_4
Zot:5:    layout_basic

Skill      XL: |  1  2  3  4  5  6  7  8  9 10 11 12 13 14 15 16 17 18 19 20 21 22 23 24 25 26 27 |
---------------+----------------------------------------------------------------------------------+-----
Fighting       | 1 2 3 4 5 6 7 9 10 11 12 13 14 15 16 17 18 19 20 | 20.6
Spellcasting   | 4 5 6 7 8 9 10 | 10.6
Maces & Flails | 1 2 4 6 8 9 11 12 13 14 15 16 17 18 19 | 19.8
Armour         | 1 2 3 5 7 8 9 11 12 13 14 15 16 17 18 19 20 | 20.4
Slings         | 2 4 7 9 10 11 12 13 14 15 16 17 | 17.6
Shields        | 2 5 6 9 11 13 14 15 16 17 18 20 | 20.3
Evocations     | 3 5 6 7 8 10 | 10.0
Dodging        | 5 7 8 10 11 12 15 | 15.1
Stealth        | |  1.5

Action                   |  1- 3 |  4- 6 |  7- 9 | 10-12 | 13-15 | 16-18 | 19-21 | 22-24 | 25-27 || total
-------------------------+-------+-------+-------+-------+-------+-------+-------+-------+-------++-------
Melee: Unarmed           |     1 |       |       |       |       |       |       |       |       ||     1
       Trident           |       |    17 |       |       |       |       |       |       |       ||    17
       Club              |       |    13 |   248 |   621 |  1082 |   614 |   891 |  1876 |    41 ||  5386
       Punch             |       |       |       |       |     6 |     1 |       |       |       ||     7
       Demon whip        |       |       |       |       |       |       |       |   287 |  2926 ||  3213
 Fire: Hunting sling     |    32 |    59 |       |    70 |    24 |     9 |       |       |       ||   194
       Fustibalus        |       |       |       |       |       |   831 |   743 |   621 |   746 ||  2941
 Cast: Freeze            |    42 |    24 |       |       |       |       |       |       |       ||    66
       Frozen Ramparts   |     1 |     5 |       |       |       |       |       |       |    10 ||    16
       Animate Skeleton  |       |       |       |       |       |       |     2 |       |       ||     2
       Summon Cactus Gia |       |       |       |       |       |       |       |       |     1 ||     1
Invok: Curse Item        |       |       |     2 |     2 |     2 |     4 |     1 |     3 |     3 ||    17
       Shatter the Chain |       |       |       |       |       |     2 |     2 |     1 |     3 ||     8
Evoke: Box of beasts     |       |       |       |       |       |       |     1 |       |       ||     1
       Phial of floods   |       |       |       |       |       |       |     2 |       |       ||     2
       Wand              |       |       |       |       |       |       |       |       |     2 ||     2
  Use: Potion            |       |     1 |       |     1 |       |     4 |     2 |     1 |     6 ||    15
       Scroll            |       |     2 |       |     1 |       |     4 |     3 |    12 |    16 ||    38
 Stab: Sleeping          |       |     1 |     1 |       |       |       |       |       |       ||     2
       Petrified         |       |       |       |       |     8 |       |       |       |     2 ||    10
Armor: Robe              |     8 |     6 |     1 |       |       |       |       |       |       ||    15
       Scale mail        |       |       |    85 |       |       |       |       |       |       ||    85
       Plate armour      |       |       |    79 |   454 |   799 |   348 |   388 |   256 |       ||  2324
       Crystal plate arm |       |       |       |       |       |       |       |   342 |   802 ||  1144
Dodge: Dodged            |    17 |    19 |    81 |    46 |   177 |   104 |   122 |   231 |   297 ||  1094
Block: Kite shield       |       |       |       |       |       |   109 |       |       |       ||   109
       Tower shield      |       |       |       |       |       |   107 |   807 |  1610 |  1912 ||  4436

Table legend: (Time is in decaauts)
 A = Elapsed time spent in this place.
 B = Non-inter-level travel time spent in this place.
 C = Inter-level travel time spent in this place.
 D = Time resting spent in this place.
 E = Time spent auto-exploring this place.
 F = Levels seen in this place.
 G = Mean time per level.
                   A        B        C        D        E       F      G
               +--------+--------+--------+--------+--------+-----+--------+
         Total |  70162 |  59519 |  10643 |   5440 |  30576 |  54 | 1299.3 |
       Dungeon |  18914 |  15522 |   3392 |   1862 |   9730 |  15 | 1260.9 |
          Lair |   7894 |   6492 |   1402 |    304 |   4110 |   6 | 1315.7 |
         Swamp |   2871 |   2710 |    161 |    284 |   1297 |   4 |  717.8 |
     Snake Pit |   5420 |   4298 |   1122 |    115 |   2297 |   4 | 1355.0 |
  Orcish Mines |   2346 |   2144 |    202 |    186 |   1157 |   2 | 1173.0 |
   Elven Halls |   1544 |   1446 |     98 |     16 |    694 |   2 |  772.0 |
        Vaults |  10291 |   8619 |   1672 |   1027 |   3758 |   5 | 2058.2 |
         Crypt |   3187 |   2989 |    198 |     67 |   1142 |   3 | 1062.3 |
        Depths |   6191 |   4818 |   1373 |    277 |   2581 |   4 | 1547.8 |
           Zot |   9603 |   8583 |   1020 |   1241 |   3388 |   5 | 1920.6 |
         Sewer |    544 |    544 |      0 |      0 |    334 |   1 |  544.0 |
       Ossuary |    252 |    252 |      0 |      0 |     78 |   1 |  252.0 |
      Ice Cave |     12 |     12 |      0 |      0 |      0 |   1 |   12.0 |
        Wizlab |   1086 |   1086 |      0 |     60 |      9 |   1 | 1086.0 |
               +--------+--------+--------+--------+--------+-----+--------+

Top non-repeatable levels by time:
   Zot:5: 3021 daAuts
Vaults:2: 2293 daAuts
    D:11: 2231 daAuts
Vaults:5: 2166 daAuts
Vaults:3: 2096 daAuts
Vaults:1: 2058 daAuts
 Snake:4: 1971 daAuts
   Zot:1: 1942 daAuts
   Zot:3: 1927 daAuts
Depths:3: 1925 daAuts
     D:4: 1695 daAuts
Vaults:4: 1677 daAuts
  Lair:6: 1612 daAuts
Depths:2: 1513 daAuts
 Crypt:3: 1497 daAuts
